 Dungeon Crawl Stone Soup version 0.19.0-19-g8c6edcc (webtiles) character file.

394 JeffiDaFish the Shield-Bearer (level 6, -1/38 HPs)
             Began as a Gargoyle Fighter on Nov 12, 2016.
             Killed by divine providence
             ... invoked by an orc priest
              (11 damage)
             ... on level 4 of the Dungeon.
             The game lasted 00:10:48 (2985 turns).

JeffiDaFish the Shield-Bearer (Gargoyle Fighter)    Turns: 2985, Time: 00:10:49

Health: -1/38      AC: 20    Str: 21    XL:     6   Next: 81%
Magic:  6/6        EV:  7    Int:  9    God:
Gold:   187        SH: 12    Dex:  9    Spells: 0 memorised, 5 levels left

rFire  . . .     SeeInvis .     a - +0 flail
rCold  . . .     Gourm    .     b - +0 plate armour
rNeg   + . .     Faith    .     c - +2 shield
rPois  ∞         Spirit   .     e - +0 helmet
rElec  +         Reflect  .     (no cloak)
rCorr  .         Harm     .     i - +2 pair of gloves
MR     .....                    (no boots)
Stlth  ..........               (no amulet)
                                (no ring)
                                j - +3 ring of evasion

@: about to teleport
A: negative energy resistance 1, electricity resistance, unbreathing,
petrification resistance, rot immunity, AC +4
a: no special abilities


You were on level 4 of the Dungeon.
You were not hungry.

You visited 1 branch of the dungeon, and saw 4 of its levels.

You collected 187 gold pieces.

Inventory:

Hand Weapons
 a - a +0 flail (weapon)
Armour
 b - a +0 plate armour (worn)
 c - a +2 shield (worn)
 e - a +0 helmet (worn)
 i - a +2 pair of gloves (worn)
Jewellery
 j - a +3 ring of evasion (left hand)
Wands
 g - a wand of digging (17/24)
Scrolls
 h - a scroll of teleportation
 l - a scroll of identify
 m - 3 scrolls of remove curse
Potions
 d - a potion of might
Comestibles
 f - 5 bread rations


   Skills:
 + Level 4.0 Fighting
 + Level 4.0 Maces & Flails
 + Level 4.6 Armour
 + Level 1.0 Dodging
 + Level 0.2 Stealth
 + Level 5.5 Shields


You had 5 spell levels left.
You didn't know any spells.

Dungeon Overview and Level Annotations

Branches:
Dungeon (4/15)
 Temple: D:4-7

Altars:


Innate Abilities, Weirdness & Mutations

You are resistant to torment.
Your stone body is resilient. (AC +4)
You are immune to poison.
You resist negative energy. (rN+)
You are resistant to electric shocks. (rElec)
You can survive without breathing.
You are immune to petrification.
You are immune to rotting.


Message History

* * * LOW HITPOINT WARNING * * *
You hit something. Something hits you but does no damage.
You closely miss something.
Something hits you but does no damage. x2
You barely miss something. Something hits you but does no damage.
You closely miss something.
You hear some strange, mumbled words.
A puff of flame appears from out of thin air!
The puff of flame hits you!
You closely miss something. Something hits you but does no damage.
As you read the scroll of teleportation, it crumbles to dust.
You feel strangely unstable.
You hear some strange, mumbled words.
A magic dart appears from out of thin air!
The magic dart hits you!
The orc priest mumbles some strange prayers to Beogh against you.
You closely miss something.
Something hits you but does no damage. x2
Your plate armour prevents you from hitting something.
The orc priest mumbles some strange prayers to Beogh against you.
Beogh smites you!
You die...

######## ####.###### ......#
#.......... #...).# #.##...# #
#.....#####.#....#
#...............#### ### #..o#
###.#........ ###.## ## #oo#
#......#### .....# #.# ##{#
####.#.# ###.## #.# ##@## #.#...
##.## #.###.## ##'###### ##...##
#.#.## ##...## #.#.#.## #.####
##.....## ....##.## #.##.##
##.......##
....###.#####.#...####.........##
.....................+.........'.
#...#.#######.#...####.........##
#..#<## #.##.######.......##


You could see 2 orc priests.

Vanquished Creatures
  The ghost of srifenbyxp the Skirmisher, an amateur DsFi (D:4)
  An orc priest (D:3)
  A hound (D:4)
  An iguana (D:4)
  An orc wizard (D:3)
  4 gnolls (D:4)
  4 adders
  3 oozes (D:1)
  An adder skeleton (D:4)
  4 worms
  4 dart slugs
  A leopard gecko (D:1)
  7 orcs (D:3)
  9 giant cockroaches
  5 hobgoblins
  11 jackals
  2 quokkas
  6 bats
  3 frilled lizards
  6 goblins
  8 kobolds
  11 rats
94 creatures vanquished.

Notes
Turn   | Place    | Note
-------+----------+-------------------------------------------
     0 | D:1      | JeffiDaFish the Gargoyle Fighter began the quest for the Orb.
     0 | D:1      | Reached XP level 1. HP: 14/14 MP: 1/1
     1 | D:1      | Found a runed door.
    13 | D:1      | Reached XP level 2. HP: 15/19 MP: 2/2
    44 | D:1      | Reached XP level 3. HP: 18/23 MP: 3/3
   623 | D:2      | Reached skill level 4 in Shields
   632 | D:2      | Reached XP level 4. HP: 28/28 MP: 4/4
  1492 | D:3      | Reached XP level 5. HP: 13/33 MP: 5/5
  2004 | D:3      | Reached skill level 1 in Dodging
  2214 | D:4      | Reached XP level 6. HP: 35/38 MP: 6/6
  2223 | D:4      | Reached skill level 5 in Shields
  2263 | D:4      | Noticed srifenbyxp's ghost (amateur DsFi)
  2271 | D:4      | Killed srifenbyxp's ghost
  2985 | D:4      | Killed from afar by an orc priest

Skill      XL: |  1  2  3  4  5  6 |
---------------+-------------------+-----
Shields        | 4 5 |  5.5
Maces & Flails | 3 4 |  4.0
Armour         | 4 |  4.6
Dodging        | 1 |  1.0
Fighting       | 4 |  4.0
Stealth        | |  0.2

Action                   |  1- 3 |  4- 6 || total
-------------------------+-------+-------++-------
Melee: Flail             |   109 |   344 ||   453
  Use: Scroll            |     3 |    10 ||    13
       Potion            |       |     6 ||     6
  Eat: Chunk             |       |     8 ||     8
Armor: Scale mail        |    33 |       ||    33
       Chain mail        |    49 |   141 ||   190
       Plate armour      |       |   127 ||   127
Dodge: Dodged            |    36 |    80 ||   116
Block: Shield            |    68 |   260 ||   328
